 Dungeon Crawl Stone Soup version 0.28-a0-1594-ga885d4b3d6 (webtiles) character file.

Game seed: 5016322092822894519

137 a3don the Skirmisher (level 5, 0/46 HPs)
             Began as a Ghoul Warper on Jan 21, 2022.
             Slain by an orc wizard (2 damage)
             ... on level 3 of the Dungeon.
             The game lasted 00:04:14 (3325 turns).

a3don the Skirmisher (Ghoul Warper)                 Turns: 3325, Time: 00:04:14

Health: 0/46       AC:  5    Str: 17    XL:     5   Next: 20%
Magic:  6/6        EV: 11    Int:  8    God:
Gold:   165        SH:  0    Dex:  8    Spells: 7/7 levels left

rFire   . . .      SeeInvis .     - Unarmed
rCold   + . .      Faith    .   l - +0 buckler
rNeg    + + +      Spirit   .   a - +0 leather armour
rPois   ∞          Reflect  .   i - +1 hat
rElec   .          Harm     .   (no cloak)
rCorr   +          Rampage  .   h - +0 pair of gloves
Will    .....                   (no boots)
Stlth   ..........              (no amulet)
HPRegen 0.00/turn               f - ring of resist corrosion
MPRegen 0.10/turn               (no ring)

@: confused, brilliant, attractive, inhibited regen
A: claws 1, cold resistance 1, negative energy resistance 3, inhibited
regeneration, torment resistance 2
a: no special abilities


You were on level 3 of the Dungeon.
You visited 1 branch of the dungeon, and saw 3 of its levels.

You collected 165 gold pieces.

Inventory:

Hand Weapons
 j - a +0 dagger of speed
Missiles
 c - 5 boomerangs of dispersal (quivered)
 d - 126 stones
 q - 5 boomerangs
Armour
 a - a +0 leather armour (worn)
 h - a +0 pair of gloves (worn)
 i - a +1 hat (worn)
 l - a +0 buckler (worn)
Jewellery
 f - a ring of resist corrosion (left hand)
Scrolls
 b - a scroll of blinking
 e - 2 scrolls of enchant armour {unknown}
 g - 2 scrolls of noise {unknown}
 k - a scroll of vulnerability {unknown}
 m - 3 scrolls of teleportation {unknown}
 n - 5 scrolls of identify {unknown}
 v - a scroll of brand weapon {unknown}
Potions
 o - a potion of haste {unknown}
 p - a potion of lignification {unknown}
 t - a potion of invisibility {unknown}
 u - a potion of heal wounds {unknown}


   Skills:
 + Level 3.8 Fighting
 - Level 0.8 Throwing
 - Level 0.8 Armour
 - Level 1.7 Dodging
 * Level 2.1 Shields
 + Level 3.7 Unarmed Combat
 - Level 1.7 Spellcasting
 - Level 2.6 Translocations


You had 7 spell levels left.
You didn't know any spells.
Your spell library contained the following spells:

 Spells                   Type           Power      Damage    Failure   Level
 Blink                    Tloc           14%        N/A       30%         2
 Gell's Gravitas          Tloc           7%         N/A       52%         3
 Lesser Beckoning         Tloc           7%         N/A       52%         3
 Teleport Other           Tloc           7%         N/A       52%         3
 Manifold Assault         Tloc           7%         N/A       99%         5


Dungeon Overview and Level Annotations

Branches:
Dungeon (3/15)

Altars:


Innate Abilities, Weirdness & Mutations

You thrive by killing the living.
You are immune to poison.
You have sharp fingernails.
Your flesh is cold resistant. (rC+)
You are immune to negative energy. (rN+++)
You do not regenerate when monsters are visible.
You are immune to unholy pain and torment.


Message History

Something hits you but does no damage.
You miss something. The orc barely misses you.
You miss something.
You hear some strange, mumbled words.
You are confused.
The orc hits you with a +0 short sword.
You barely miss the orc.
You hear some strange, mumbled words.
A magic dart appears from out of thin air!
The magic dart hits you!
* * * LOW HITPOINT WARNING * * *
The orc hits you with a +0 short sword.
* * * LOW HITPOINT WARNING * * *
You closely miss the orc. The orc hits you but does no damage.
You hear some strange, mumbled words.
A puff of flame appears from out of thin air!
The puff of flame misses you.
You hit the orc but do no damage. The orc closely misses you.
Something hits you but does no damage.
You miss something. The orc hits you but does no damage.
Something hits you but does no damage.
You miss something.
You feel less confused. The orc hits you but does no damage.
Something hits you.
* * * LOW HITPOINT WARNING * * *
You hit something but do no damage. The orc closely misses you.
Something hits you.
* * * LOW HITPOINT WARNING * * *
You hit something but do no damage. The orc hits you with a +0 short sword.
* * * LOW HITPOINT WARNING * * *
You hear some strange, mumbled words.
You are confused.
It was a potion of attraction.
You feel attractive to monsters. The orc closely misses you.
Something hits you.
* * * LOW HITPOINT WARNING * * *
It was a potion of brilliance.
You feel clever all of a sudden. The orc barely misses you. Something hits you.
You die...

.. #. ... .. ...# #. ....#.
#..#. ... .# #.##)########.#
#.....o........
########{@.....#
...............# ##
###############)......# .#
......###.....#.###.####.##
..#.#.##..................# .
#.#.......##.#######......#...
#.#.#.##..##.##...##.......#
#.#.#.##.##..#.....#.....#.#
#.#.#........#...........#


You could see an orc.

Vanquished Creatures
  Jessica (D:2)
  5 adders
  A dart slug (D:3)
  3 orcs (D:3)
  2 bats (D:1)
  3 endoplasms
  6 giant cockroaches
  3 goblins
  6 hobgoblins
  6 jackals
  3 kobolds
  6 quokkas
  3 ball pythons
  4 frilled lizards
  4 rats
  3 toadstools (D:1)
59 creatures vanquished.

Vanquished Creatures (others)
  A toadstool (D:1)
1 creature vanquished.

Grand Total: 60 creatures vanquished

Notes
Turn   | Place    | Note
-------+----------+-------------------------------------------
     0 | D:1      | a3don the Ghoul Warper began the quest for the Orb.
     0 | D:1      | Reached XP level 1. HP: 17/17 MP: 2/2
   246 | D:1      | Reached XP level 2. HP: 25/25 MP: 3/3
   602 | D:1      | Found a faded altar of an unknown god.
   904 | D:1      | Reached XP level 3. HP: 31/31 MP: 4/4
  1517 | D:2      | Noticed Jessica
  1544 | D:2      | Killed Jessica
  1545 | D:2      | Reached skill level 1 in Shields
  1545 | D:2      | Reached XP level 4. HP: 19/38 MP: 5/5
  2704 | D:3      | Reached XP level 5. HP: 40/46 MP: 6/6
  3324 | D:3      | HP: 2/46 [something (1)]
  3325 | D:3      | Slain by an orc wizard

Illustrated notes

Levels and vault maps discovered:
D:1:      ldierk_water_garden, layout_basic,
          hellmonk_ecumenical_altar_crossroads
D:2:      layout_rooms, minivault_24, chequers_serial_rivers_small_3,
          grunt_ministairs_10, uniq_jessica
D:3:      layout_basic, mainiacjoe_overflow_big_doors, minmay_misc_feat_enclosed

Skill      XL: |  1  2  3  4  5 |
---------------+----------------+-----
Fighting       | 3 |  3.8
Unarmed Combat | 3 |  3.7
Shields        | 1 2 |  2.1
Throwing       | |  0.8
Armour         | |  0.8
Dodging        | |  1.7
Spellcasting   | |  1.7
Translocations | |  2.6

Action                   |  1- 3 |  4- 6 || total
-------------------------+-------+-------++-------
Melee: Unarmed           |   140 |   185 ||   325
       Punch             |     4 |       ||     4
  Use: Potion            |       |     2 ||     2
Armor: Leather armour    |    47 |    64 ||   111
Dodge: Dodged            |    96 |   103 ||   199
Block: Buckler           |     6 |    35 ||    41

Table legend: (Time is in decaauts)
 A = Elapsed time spent in this place.
 B = Non-inter-level travel time spent in this place.
 C = Inter-level travel time spent in this place.
 D = Time resting spent in this place.
 E = Time spent auto-exploring this place.
 F = Levels seen in this place.
 G = Mean time per level.
                   A        B        C        D        E       F      G
               +--------+--------+--------+--------+--------+-----+--------+
         Total |   3323 |   3233 |     90 |    784 |   1810 |   3 | 1107.7 |
       Dungeon |   3323 |   3233 |     90 |    784 |   1810 |   3 | 1107.7 |
               +--------+--------+--------+--------+--------+-----+--------+

Top non-repeatable levels by time:
     D:2: 1388 daAuts
     D:1: 1142 daAuts
     D:3: 792 daAuts
